 Dungeon Crawl Stone Soup version 0.30-a0-610-gb513c0a51f (webtiles) character file.

Game seed: 13881545606386123514

288 M4edhros the Charlatan (level 6, 0/41 HPs)
             Began as an Octopode Artificer on Jan 8, 2023.
             Was a Follower of Cheibriados.
             Slain by Pikel
             ... wielding a +1 whip of electrocution
              (3 damage)
             ... on level 4 of the Dungeon.
             The game lasted 00:07:42 (1604 turns).

M4edhros the Charlatan (Octopode Artificer)         Turns: 1604, Time: 00:07:42

Health: 0/41       AC:  5    Str: 14    XL:     6   Next: 31%
Magic:  8/8        EV: 14    Int: 16    God:    Cheibriados [*.....]
Gold:   369        SH:  0    Dex: 18    Spells: 6/7 levels left

rFire   . . .      SeeInvis .    j - +1 mace (protect)
rCold   . . .      Faith    .    (no shield)
rNeg    . . .      Spirit   .    (helmet restricted)
rPois   .          Reflect  .    (no amulet)
rElec   .          Harm     .    y - +4 ring of protection
rCorr   .          Rampage  .    (no ring)
Will    .....                    (no ring)
Stlth   ++++                     (no ring)
HPRegen 0.26/turn                (no ring)
MPRegen 0.11/turn                (no ring)
                                 (no ring)
                                 (no ring)

@: very slow
A: almost no armour, amphibious, 8 rings, camouflage 1, gelatinous body 1,
(nimble swimmer 1), tentacles
a: Renounce Religion, Bend Time


You were on level 4 of the Dungeon.
You worshipped Cheibriados.
Cheibriados was aware of your devotion.
You visited 2 branches of the dungeon, and saw 5 of its levels.
You also visited: Ossuary.

You collected 369 gold pieces.

Inventory:

Hand Weapons
 j - a +1 mace of protection (weapon)
Missiles
 e - 10 poisoned darts
Jewellery
 y - a +4 ring of protection (left tentacle)
Wands
 b - a wand of flame (9) (quivered)
 c - a wand of charming (7)
 d - a wand of iceblast (5)
 B - a wand of quicksilver (12)
Scrolls
 a - a scroll of torment {unknown}
 i - 4 scrolls of identify {unknown}
 k - a scroll of brand weapon {unknown}
 l - 2 scrolls of poison {unknown}
 o - 2 scrolls of amnesia {unknown}
 q - 2 scrolls of teleportation {unknown}
 t - 2 scrolls of blinking {unknown}
 A - a scroll of fog {unknown}
 C - a scroll of enchant armour {unknown}
 D - a scroll of butterflies {unknown}
 E - a scroll of vulnerability {unknown}
Potions
 f - a potion of berserk rage {unknown}
 g - a potion of brilliance {unknown}
 h - a potion of might {unknown}
 m - a potion of ambrosia {unknown}
 n - a potion of flight {unknown}
 p - a potion of magic {unknown}
 r - 2 potions of degeneration {unknown}
 s - 6 potions of attraction {unknown}
 u - a potion of lignification {unknown}
 v - 2 potions of cancellation {unknown}
 w - a potion of mutation {unknown}
 x - 2 potions of curing {unknown}
 z - 2 potions of heal wounds {unknown}


   Skills:
 + Level 2.4 Fighting
 * Level 2.5 Maces & Flails
 + Level 3.3 Dodging
 + Level 3.4 Stealth
 - Level 1.3 Unarmed Combat
 + Level 1.4 Spellcasting
 + Level 4.1 Evocations


You had 6 spell levels left.
You knew the following spells:

 Your Spells              Type           Power      Damage    Failure   Level
a - Apportation           Tloc           2%         N/A       22%         1

Your spell library contained the following spells:

 Spells                   Type           Power      Damage    Failure   Level
 Necrotise                Necr           4%         1d4       22%         1
 Shock                    Conj/Air       4%         1d3       22%         1
 Summon Small Mammal      Summ           4%         N/A       22%         1
 Call Canine Familiar     Summ           1%         N/A       54%         3
 Gell's Gravitas          Tloc           1%         N/A       54%         3
 Lesser Beckoning         Tloc           2%         N/A       54%         3
 Summon Guardian Golem    Hex/Summ       1%         N/A       54%         3
 Swiftness                Air            1%         N/A       54%         3
 Teleport Other           Tloc           1%         N/A       54%         3
 Vhi's Electric Charge    Tloc/Air       2%         N/A       54%         3
 Airstrike                Air            0%         2d(1-17)  91%         4
 Arcjolt                  Conj/Air       0%         1d10      99%         5
 Maxwell's Capacitive Co  Air            0%         ∞         100%        8


Dungeon Overview and Level Annotations

Branches:
Dungeon (4/15)             Temple (1/1) D:4         Ossuary (visited)

Altars:
Ashenzari
Cheibriados
Elyvilon
Fedhas
Hepliaklqana
Kikubaaqudgha
Nemelex Xobeh
Okawaru
Qazlal
Sif Muna
Trog
Uskayaw
Vehumet
Wu Jian
Xom
Yredelemnul
Zin
The Shining One

Annotations:
D:4 Pikel


Innate Abilities, Weirdness & Mutations

You cannot wear most types of armour.
You are amphibious.
You can wear up to eight rings at the same time.
Your skin changes colour to match your surroundings (Stealth+).
Your rubbery body absorbs attacks. (AC +1, EV +1)
((You are camouflaged when in or above water. (Stealth+)))
You have tentacles for arms and can constrict up to eight enemies at once.


Message History

You hit the lemure. You grab the lemure.
The lemure is moderately wounded.
You constrict the lemure. The lemure misses you. The lemure hits you.
You hit the lemure. You squeeze the lemure!
The lemure is severely wounded.
You constrict the lemure. The lemure hits you.
You hit the lemure.
You kill the lemure!
That felt strangely unrewarding.
You hit the lemure. Your grab misses the lemure.
The lemure is lightly wounded.
The lemure hits you!
You hit the lemure but do no damage. Your grab misses the lemure.
Your tentacle-slap misses the lemure.
The lemure is lightly wounded.
The lemure closely misses you.
You hit Pikel but do no damage. Your grab misses Pikel.
Pikel barely misses you.
Aiming: Charm
Press: ? - help, Shift-Dir - straight line, f - Pikel
Aim: Pikel, wielding a +1 whip of electrocution and wearing a +0 robe of willpower (chance to affect: 25%) Pikel resists with almost no effort.
Pikel hits you with a +1 whip of electrocution.
You are electrocuted!!
* * * LOW HITPOINT WARNING * * *
Okay, then.
Aiming: Charm
Press: ? - help, Shift-Dir - straight line, f/p - Pikel
Aim: Pikel, wielding a +1 whip of electrocution and wearing a +0 robe of willpower (chance to affect: 25%) Pikel resists with almost no effort.
Pikel barely misses you.
Aiming: Charm
Press: ? - help, Shift-Dir - straight line, f/p - Pikel
Aim: Pikel, wielding a +1 whip of electrocution and wearing a +0 robe of willpower (chance to affect: 25%) Pikel resists with almost no effort.
Pikel closely misses you.
Aiming: Charm
Press: ? - help, Shift-Dir - straight line, f/p - Pikel
Aim: Pikel, wielding a +1 whip of electrocution and wearing a +0 robe of willpower (chance to affect: 25%) Pikel resists with almost no effort.
Pikel hits you with a +1 whip of electrocution.
You die...

#.....K# #......#
#....$.# #.<....#
#......# #...)..###
####### #555.....#
#######.....# #K#
.....##.###.# #@####
####....#<..## #....#
# #######...######.#
####................#
.÷.#.#####..)########
##.#.# ###<...#
#...### ####.# .#
###...## # ...###
#.#..###### +.....


You could see Pikel and 3 lemures.

Vanquished Creatures
  A lemure (D:4)
  An orc priest (D:3)
  2 iguanas (D:4)
  5 mummies (Ossuary)
  4 adders (D:3)
  An ufetubus (D:4)
  A dart slug (D:1)
  9 orcs
  2 endoplasms
  2 giant cockroaches
  4 goblins
  6 hobgoblins
  2 jackals (D:3)
  3 kobolds
  A quokka (D:2)
  2 ball pythons
  5 bats
  2 frilled lizards (D:1)
  4 hobgoblin zombies (Ossuary)
  2 kobold zombies (Ossuary)
  2 orc zombies (Ossuary)
  3 rats
64 creatures vanquished.

Vanquished Creatures (collateral kills)
  3 mummies (Ossuary)
3 creatures vanquished.

Grand Total: 67 creatures vanquished

Notes
Turn   | Place    | Note
-------+----------+-------------------------------------------
     0 | D:1      | M4edhros the Octopode Artificer began the quest for the
                  | Orb.
     0 | D:1      | Reached XP level 1. HP: 13/13 MP: 1/1
   109 | D:1      | Reached XP level 2. HP: 17/18 MP: 2/2
   268 | D:3      | Reached skill level 1 in Unarmed Combat
   373 | D:4      | Learned a level 1 spell: Apportation
   397 | D:4      | Reached XP level 3. HP: 23/23 MP: 3/3
   490 | D:4      | Found a staircase to the Ecumenical Temple.
   499 | Temple   | Entered the Ecumenical Temple
   506 | Temple   | Became a worshipper of Cheibriados the Contemplative
   529 | D:4      | Found a sand-covered staircase.
   534 | Ossuary  | Entered an ossuary
   547 | Ossuary  | Reached XP level 4. HP: 28/28 MP: 4/4
   569 | Ossuary  | Reached skill level 1 in Maces & Flails
   603 | Ossuary  | Reached skill level 1 in Spellcasting
   603 | Ossuary  | Reached XP level 5. HP: 19/34 MP: 6/6
   880 | D:2      | You fall into a shaft and drop 1 floor!
   950 | D:2      | Found a faded altar of an unknown god.
  1132 | D:2      | Reached * piety under Cheibriados
  1231 | D:3      | Reached skill level 4 in Evocations
  1281 | D:3      | Identified the +0 helmet of the Trout {Dex+3 SInv}
  1355 | D:3      | Reached XP level 6. HP: 38/39 MP: 7/7
  1583 | D:4      | Noticed Pikel
  1601 | D:4      | HP: 2/41 [Pikel/+1 whip of electrocution (19)]
  1604 | D:4      | Slain by Pikel

Illustrated notes

Levels and vault maps discovered:
D:1:      minmay_arrival_solitary_statue, layout_loops_ring, minmay_bisected
D:2:      layout_loops_cross, hellmonk_ecumenical_altar_crossroads,
          minmay_surrounded
D:3:      layout_loops_corners
D:4:      layout_basic, minmay_temple_entry_waves, enter_ossuary_5,
          dk_rats_in_the_wall, uniq_blork_the_orc, uniq_eustachio, uniq_pikel
Temple:   nicolae_temple_no_exploring_needed

Skill      XL: |  1  2  3  4  5 |
---------------+----------------+-----
Unarmed Combat | 1 |  1.3
Stealth        | 2 3 |  3.4
Maces & Flails | 1 2 |  2.5
Fighting       | 2 |  2.4
Spellcasting   | 1 |  1.4
Dodging        | 3 |  3.3
Evocations     | 4 |  4.1

Action                   |  1- 3 |  4- 6 || total
-------------------------+-------+-------++-------
Melee: Unarmed           |    31 |       ||    31
       Tentacles         |    13 |    22 ||    35
       Constrict         |    11 |    32 ||    43
       Mace              |     6 |    97 ||   103
       Punch             |     1 |       ||     1
Evoke: Wand              |     2 |    12 ||    14
 Stab: Sleeping          |     1 |     6 ||     7
Armor: Skin              |     3 |    30 ||    33
Dodge: Dodged            |    21 |    70 ||    91

Table legend: (Time is in decaauts)
 A = Elapsed time spent in this place.
 B = Non-inter-level travel time spent in this place.
 C = Inter-level travel time spent in this place.
 D = Time resting spent in this place.
 E = Time spent auto-exploring this place.
 F = Levels seen in this place.
 G = Mean time per level.
                   A        B        C        D        E       F      G
               +--------+--------+--------+--------+--------+-----+--------+
         Total |   1930 |   1764 |    166 |      0 |    511 |   6 |  321.7 |
       Dungeon |   1647 |   1490 |    157 |      0 |    423 |   4 |  411.8 |
        Temple |     16 |      8 |      8 |      0 |      0 |   1 |   16.0 |
       Ossuary |    266 |    266 |      0 |      0 |     88 |   1 |  266.0 |
               +--------+--------+--------+--------+--------+-----+--------+

Top non-repeatable levels by time:
     D:3: 644 daAuts
     D:1: 379 daAuts
     D:2: 321 daAuts
     D:4: 302 daAuts
 Ossuary: 266 daAuts
  Temple: 16 daAuts
